 Dungeon Crawl Stone Soup version 0.28.0-43-g3370ac3207 (webtiles) character file.

Game seed: 8090518439389418654

125 FrostSilk the Chopper (level 5, -5/47 HPs)
             Began as a Hill Orc Berserker on Mar 9, 2022.
             Was a Believer of Trog.
             Slain by Crazy Yiuf
             ... wielding a +3 quarterstaff of chaos
              (10 damage)
             ... on level 2 of the Dungeon.
             The game lasted 00:09:45 (2725 turns).

FrostSilk the Chopper (Hill Orc Berserker)          Turns: 2725, Time: 00:09:45

Health: -5/47      AC:  3    Str: 22    XL:     5   Next: 9%
Magic:  2/5        EV: 12    Int:  7    God:    Trog [**....]
Gold:   113        SH:  0    Dex: 10    Spells: 4/4 levels left

rFire   . . .      SeeInvis .   a - +0 hand axe
rCold   . . .      Faith    .   (no shield)
rNeg    . . .      Spirit   .   d - +0 leather armour
rPois   .          Reflect  .   (no helmet)
rElec   .          Harm     .   (no cloak)
rCorr   .          Rampage  .   (no gloves)
Will    .....                   (no boots)
Stlth   +.........              (no amulet)
HPRegen 0.15/turn               (no ring)
MPRegen 0.09/turn               (no ring)

@: on berserk cooldown, slowed, very slow
A: no striking features
a: Renounce Religion, Berserk, Trog's Hand


You were on level 2 of the Dungeon.
You worshipped Trog.
Trog was pleased with you.
You visited 1 branch of the dungeon, and saw 2 of its levels.

You collected 113 gold pieces.

Inventory:

Hand Weapons
 a - a +0 hand axe (weapon)
Armour
 b - a +0 animal skin
 d - a +0 leather armour (worn)
Jewellery
 e - a +6 ring of dexterity
Scrolls
 c - 2 scrolls of identify
 f - a scroll of brand weapon {unknown}


   Skills:
 + Level 4.6 Fighting
 + Level 5.0 Axes
 + Level 3.3 Armour
 + Level 2.4 Dodging


You had 4 spell levels left.
You didn't know any spells.
Your spell library was empty.

Dungeon Overview and Level Annotations

Branches:
Dungeon (2/15)

Altars:
Zin

Annotations:
D:2 Crazy Yiuf


Message History

The floor.
As you open the door, it creaks loudly!
Crazy Yiuf drinks a potion.
Crazy Yiuf seems to speed up.
Crazy Yiuf hits you with a +3 quarterstaff of chaos!
You feel your power leaking away.
A red film seems to cover your vision as you go berserk!
You feel yourself moving faster!
You feel mighty!
Crazy Yiuf hits you with a +3 quarterstaff of chaos.
Crazy Yiuf burns you.
You hit Crazy Yiuf.
Crazy Yiuf is lightly wounded.
You hit the bush but do no damage.
Crazy Yiuf hits you with a +3 quarterstaff of chaos.
Crazy Yiuf freezes you. Crazy Yiuf misses you.
You barely miss Crazy Yiuf. Your punch misses Crazy Yiuf.
Crazy Yiuf is lightly wounded.
You hit the bush but do no damage. Crazy Yiuf barely misses you.
Okay, then.
You feel a strong urge to attack something.
You feel your anger nearly subside.
You are no longer berserk.
You are exhausted.
You feel yourself slow down.
Crazy Yiuf cries, "You leg down broken song, no?"
You hit Crazy Yiuf.
Crazy Yiuf is moderately wounded.
Crazy Yiuf barely misses you.
Crazy Yiuf yells, "Cards!"
Crazy Yiuf hits you with a +3 quarterstaff of chaos!
Crazy Yiuf burns you.
You slash Crazy Yiuf!
Crazy Yiuf is heavily wounded.
Crazy Yiuf cries, "Mama pontify poople!"
Crazy Yiuf hits you with a +3 quarterstaff of chaos.
* * * LOW HITPOINT WARNING * * *
Crazy Yiuf hits you with a +3 quarterstaff of chaos.
* * * LOW HITPOINT WARNING * * *
You hit Crazy Yiuf.
Crazy Yiuf is severely wounded.
Crazy Yiuf hits you with a +3 quarterstaff of chaos!
You die...

#..≈≈≈≈≈...........##.###
#..≈≈≈≈≈............#.#
#....≈≈.....###...###.#
#.##........# ##......#
#.##.##...### ########
#.#..###### #.........#
######.####### ###
#..@g#..## ###..)#
###......####.'...#
##......#..##...#
###.P.#.### ### #######
##############
#.............
##############


You could see Crazy Yiuf (fast).

Vanquished Creatures
  A jelly (D:2)
  Jessica (D:2)
  3 adders (D:2)
  3 endoplasms
  3 giant cockroaches (D:1)
  2 goblins
  2 hobgoblins
  A kobold (D:1)
  4 quokkas (D:1)
  3 ball pythons (D:1)
  5 bats
  10 frilled lizards
  9 rats
47 creatures vanquished.

Vanquished Creatures (others)
  3 fungi (D:2)
3 creatures vanquished.

Grand Total: 50 creatures vanquished

Notes
Turn   | Place    | Note
-------+----------+-------------------------------------------
     0 | D:1      | FrostSilk the Hill Orc Berserker began the quest for the
                  | Orb.
     0 | D:1      | Reached XP level 1. HP: 19/19 MP: 1/1
    89 | D:1      | Reached XP level 2. HP: 27/27 MP: 2/2
   981 | D:1      | Reached XP level 3. HP: 32/33 MP: 3/3
  1406 | D:2      | Reached ** piety under Trog
  1496 | D:2      | Found a glowing silver altar of Zin.
  1787 | D:2      | Noticed Jessica
  1802 | D:2      | Killed Jessica
  1803 | D:2      | Reached XP level 4. HP: 22/41 MP: 4/4
  2030 | D:2      | Reached skill level 5 in Axes
  2030 | D:2      | Reached XP level 5. HP: 35/47 MP: 5/5
  2703 | D:2      | Found a runed translucent door.
  2704 | D:2      | Noticed Crazy Yiuf
  2725 | D:2      | Slain by Crazy Yiuf

Illustrated notes

Levels and vault maps discovered:
D:1:      dpeg_arrival_oval, layout_basic
D:2:      minmay_skewed_foursquare, layout_basic, basic_altar,
          minmay_lizard_pond, uniq_crazy_yiuf_cottage, uniq_jessica

Skill      XL: |  1  2  3  4 |
---------------+-------------+-----
Fighting       | 4 |  4.6
Dodging        | 2 |  2.4
Armour         | 3 |  3.3
Axes           | 5 |  5.0

Action                   |  1- 3 |  4- 6 || total
-------------------------+-------+-------++-------
Melee: Hand axe          |   128 |    31 ||   159
Invok: Berserk           |     3 |     1 ||     4
       Trog's Hand       |     1 |       ||     1
  Use: Scroll            |     1 |       ||     1
Armor: Animal skin       |     9 |       ||     9
       Leather armour    |    17 |     3 ||    20
Dodge: Dodged            |   103 |    18 ||   121
